 Dungeon Crawl Stone Soup version 0.29.1-2-gbd0b4ee654 (webtiles) character file.

Game seed: 17888075225451673128

247 Firos the Conjurer (level 5, -4/28 HPs)
             Began as a Deep Elf Conjurer on Nov 14, 2022.
             Shot with an arrow by a centaur (11 damage)
             ... on level 4 of the Dungeon.
             The game lasted 00:04:00 (3034 turns).

Firos the Conjurer (Deep Elf Conjurer)              Turns: 3034, Time: 00:04:01

Health: -4/28      AC:  4    Str:  4    XL:     5   Next: 85%
Magic:  7/14       EV: 12    Int: 25    God:
Gold:   237        SH:  0    Dex: 13    Spells: 4/14 levels left

rFire   . . .      SeeInvis .   l - staff of cold
rCold   + . .      Faith    .   (no shield)
rNeg    . . .      Spirit   .   a - +0 robe
rPois   .          Reflect  .   (no helmet)
rElec   .          Harm     .   c - +0 cloak
rCorr   .          Rampage  .   (no gloves)
Will    .....                   f - +0 pair of boots
Stlth   ++........              n - amulet of magic regeneration
HPRegen 0.09/turn               (no ring)
MPRegen 0.54/turn               (no ring)

@: no status effects
A: no striking features
a: no special abilities


You were on level 4 of the Dungeon.
You visited 1 branch of the dungeon, and saw 4 of its levels.

You collected 257 gold pieces.
You spent 20 gold pieces at shops.

Inventory:

Hand Weapons
 j - a +0 dagger of freezing
Armour
 a - a +0 robe (worn)
 c - a +0 cloak (worn)
 f - a +0 pair of boots (worn)
Magical Staves
 l - a staff of cold (weapon)
Jewellery
 n - an amulet of magic regeneration (around neck)
Scrolls
 d - a scroll of amnesia {unknown}
 e - 2 scrolls of enchant weapon {unknown}
 g - a scroll of identify
 h - a scroll of teleportation {unknown}
 m - a scroll of fear {unknown}
 o - a scroll of summoning {unknown}
Potions
 b - a potion of magic
 i - a potion of berserk rage {unknown}
 k - a potion of resistance {unknown}
 p - 2 potions of lignification {unknown}
 q - a potion of mutation {unknown}


   Skills:
 - Level 2.4 Dodging
 - Level 2.4 Stealth
 + Level 5.3 Spellcasting
 * Level 6.9 Conjurations


You had 4 spell levels left.
You knew the following spells:

 Your Spells              Type           Power      Damage    Failure   Level
a - Magic Dart            Conj           100%       1d8       1%          1
b - Searing Ray           Conj           82%        2d7       1%          2
c - Dazzling Flash        Conj/Hex       48%        N/A       6%          3
d - Fulminant Prism       Conj/Hex       12%        3d9       19%         4

Your spell library contained the following spells:

 Spells                   Type           Power      Damage    Failure   Level
 Iskenderun's Mystic Bla  Conj/Tloc      24%        2d7       19%         4
 Frozen Ramparts          Ice            18%        1d3       24%         3
 Ice Form                 Ice/Tmut       9%         N/A       63%         4
 Summon Ice Beast         Ice/Summ       9%         N/A       63%         4
 Fireball                 Conj/Fire      12%        3d7       47%         5
 Starburst                Conj/Fire      12%        6d5       96%         6
 Ignition                 Fire           3%         3d4       100%        8


Dungeon Overview and Level Annotations

Branches:
Dungeon (4/15)
 Temple: D:4-7

Altars:
Gozag
Makhleb
Sif Muna
Xom

Shops:
D:2 ?   D:3 :


Message History

The spell is extremely dangerous to miscast (19% risk of failure)!
Continue anyway?
Aiming: Fulminant Prism (extremely dangerous; 19% risk of failure)
Press: ? - help, Dir - move target You conjure a prism of explosive energy!
A fulminant prism comes into view.
The centaur shoots an arrow.
The arrow closely misses you.
The centaur shoots an arrow.
The arrow hits you!
Your fulminant prism crackles loudly.
The adder bites you.
Your fulminant prism explodes!
The blast of energy engulfs the centaur!
The centaur is severely wounded.
You hear a shout! x2
Unknown command.
Casting: Fulminant Prism (extremely dangerous; 19% risk of failure)
Confirm with . or Enter, or press ? or * to list all spells.
You don't know that spell.
Casting: Fulminant Prism (extremely dangerous; 19% risk of failure)
Confirm with . or Enter, or press ? or * to list all spells.
Aiming: Magic Dart (safe; 1% risk of failure)
Press: ? - help, Shift-Dir - straight line, f - centaur
Aim: a centaur, wielding a +0 shortbow (severely wounded, 100% to hit)
The magic dart hits the adder!
The adder is severely wounded.
The centaur shoots an arrow.
The arrow hits you! The adder closely misses you.
The centaur shoots an arrow.
The arrow closely misses you.
Okay, then.
Okay, then.
Casting: Magic Dart (safe; 1% risk of failure)
Confirm with . or Enter, or press ? or * to list all spells.
The spell is quite dangerous to miscast (6% risk of failure)!
Continue anyway?
Casting: Dazzling Flash (quite dangerous; 6% risk of failure)
Press: ? - help, Dir - look around, f - activate
Okay, then.
The adder bites you. The adder attacks as you move away!
The adder barely misses you.
The centaur shoots an arrow.
The arrow hits you.
* * * LOW HITPOINT WARNING * * *
The centaur shoots an arrow.
The arrow hits you!
You die...

#.##~≈~≈~#
....~≈†≈~##
....~≈≈≈~.
....~~~.###
#.....#.###
#.........##
#.........#
##<...##..##
#.....@....######
##....#.........#
#......S........
#.............#
#............#...
....)...##...## .
........#.....#
.#.........c......
#................


You could see a centaur and an adder.

Vanquished Creatures
  A scorpion (D:2)
  3 iron imps (D:3)
  Robin (D:3)
  3 adders
  A white imp (D:3)
  A worm (D:2)
  2 dart slugs
  3 orcs (D:3)
  7 ball pythons
  2 bats
  An endoplasm (D:2)
  2 giant cockroaches
  8 goblins
  9 hobgoblins
  2 quokkas (D:1)
  2 frilled lizards
  A kobold (D:1)
  5 rats
54 creatures vanquished.

Vanquished Creatures (others)
  3 fulminant prisms (D:4)
3 creatures vanquished.

Grand Total: 57 creatures vanquished

Notes
Turn   | Place    | Note
-------+----------+-------------------------------------------
     0 | D:1      | Firos the Deep Elf Conjurer began the quest for the Orb.
     0 | D:1      | Reached XP level 1. HP: 10/10 MP: 6/6
   394 | D:1      | Reached XP level 2. HP: 15/15 MP: 6/8
   989 | D:1      | Learned a level 2 spell: Searing Ray
  1113 | D:2      | Reached skill level 5 in Conjurations
  1192 | D:2      | Reached XP level 3. HP: 15/19 MP: 6/10
  1480 | D:2      | Noticed a scorpion
  1487 | D:2      | Killed a scorpion
  1488 | D:2      | Reached XP level 4. HP: 21/24 MP: 3/12
  1492 | D:2      | Learned a level 3 spell: Dazzling Flash
  1497 | D:2      | Learned a level 4 spell: Fulminant Prism
  1665 | D:2      | Found Hymoa's Magic Scroll Shoppe.
  1681 | D:2      | Bought a scroll of identify for 20 gold pieces
  1924 | D:2      | Reached skill level 6 in Conjurations
  1939 | D:2      | Found a faded altar of an unknown god.
  2092 | D:3      | Found a shimmering altar of Xom.
  2211 | D:3      | Noticed Robin
  2214 | D:3      | Killed Robin
  2426 | D:3      | Found Zumn's Vocational Training.
  2457 | D:3      | Reached XP level 5. HP: 28/28 MP: 8/14
  2729 | D:3      | Found a burning altar of Makhleb.
  2759 | D:3      | Reached skill level 5 in Spellcasting
  2850 | D:3      | Found an opulent altar of Gozag.
  2958 | D:3      | Found a shimmering blue altar of Sif Muna.
  3023 | D:4      | Noticed a centaur
  3034 | D:4      | Shot with an arrow by a centaur

Illustrated notes

Levels and vault maps discovered:
D:1:      enne_arrival_octagon_isle, layout_basic, minmay_tripent
D:2:      layout_loops_ring, serial_shops, shop_coins,
          shapermc_ecumenical_altar_mp_ritualfount,
          nicolae_concentric_dashed_squares_wild, minmay_tromino_i2
D:3:      layout_basic, demons_altar, overflow_temple_1_default, led_sif_pool,
          grunt_gozag_breadcrumbs, nicolae_shop_vocational, uniq_robin
D:4:      layout_cave_pools, kennysheep_slug_shrine,
          nicolae_qazlal_general_emergency

Skill      XL: |  1  2  3  4  5 |
---------------+----------------+-----
Conjurations   | 5 6 |  6.9
Spellcasting   | 4 5 |  5.3
Dodging        | |  2.4
Stealth        | |  2.4

Action                   |  1- 3 |  4- 6 || total
-------------------------+-------+-------++-------
 Cast: Magic Dart        |    45 |    76 ||   121
       Searing Ray       |       |     3 ||     3
       Fulminant Prism   |       |     3 ||     3
  Use: Scroll            |       |     1 ||     1
Armor: Robe              |     2 |     2 ||     4
Dodge: Dodged            |     6 |     6 ||    12
